 Dungeon Crawl Stone Soup version 0.18.1-50-g88ac8fd (webtiles) character file.

30 yungnami the Ducker (level 3, 0/27 HPs)
             Began as a Demonspawn Gladiator on Oct 3, 2016.
             Slain by an orc (1 damage)
             ... on level 3 of the Dungeon.
             The game lasted 00:03:48 (711 turns).

yungnami the Ducker (Demonspawn Gladiator)           Turns: 711, Time: 00:03:50

Health: 0/27       AC:  6    Str: 16    XL:     3   Next: 3%
Magic:  3/3        EV: 12    Int:  9    God:
Gold:   15         SH:  0    Dex: 13    Spells: 0 memorised, 2 levels left

rFire  . . .     SeeInvis .     p - +0 mace (drain)
rCold  . . .     Gourm    .     j - +0 ring mail
rNeg   . . .     Faith    .     (no shield)
rPois  .         Spirit   .     k - +0 helmet
rElec  .         Dismiss  .     (no cloak)
rCorr  +         Reflect  .     (no gloves)
SustAt .         Harm     .     (no boots)
MR     .....                    (no amulet)
Stlth  +.........               (no ring)
                                h - ring of resist corrosion

@: not resistant to hostile enchantments, very unstealthy
A: powered by pain 2
a: no special abilities


You were on level 3 of the Dungeon.
You were not hungry.

You visited 1 branch of the dungeon, and saw 3 of its levels.

You collected 15 gold pieces.

Inventory:

Hand Weapons
 a - a +0 long sword
 p - a +0 mace of draining (weapon)
Missiles
 d - 3 throwing nets (quivered)
 m - 45 stones
Armour
 b - a +0 leather armour
 c - a +0 helmet
 j - a +0 ring mail (worn)
 k - a +0 helmet (worn)
Jewellery
 h - a ring of resist corrosion (left hand)
Wands
 r - a wand of lightning (6/15)
Scrolls
 i - a scroll of amnesia {unknown}
 q - 2 scrolls of identify {unknown}
Potions
 e - a potion of might {unknown}
 l - a potion of lignification {unknown}
 o - a potion of flight {unknown}
Comestibles
 f - 2 bread rations
 g - a chunk of flesh


   Skills:
 + Level 2.0 Fighting
 + Level 2.9 Long Blades
 + Level 1.9 Throwing
 + Level 0.6 Armour
 + Level 3.3 Dodging


You had 2 spell levels left.
You didn't know any spells.

Dungeon Overview and Level Annotations

Branches:
Dungeon (3/15)

Altars:


Innate Abilities, Weirdness & Mutations

You sometimes gain power by taking damage.


Message History

The orc wizard casts a cantrip, but nothing happens.
The orc barely misses you. The orc hits you but does no damage.
The giant cockroach bites you.
You hit the orc but do no damage. You drain the orc!
You kill the orc!
You have reached level 3!
Your experience leads to an increase in your attributes!
Increase (S)trength, (I)ntelligence, or (D)exterity?
You feel stronger.
Your demonic ancestry asserts itself...
You feel even more energised by your suffering.
The orc wizard gestures at you while chanting.
The puff of frost hits you!
* * * LOW HITPOINT WARNING * * *
The orc completely misses you.
The orc wizard casts a cantrip, but nothing happens.
The orc barely misses you. The giant cockroach closely misses you.
The orc hits you from afar with a trident.
* * * LOW HITPOINT WARNING * * *
The orc hits you.
You die...

##### # #...## #.
#.... .##...#
.#... oo.# ##so#
#)@o# #. #.#.$#
#. #< #..# #.. #
#..#
#..######..#####
#..............#
#.##.#.........#
#.##.#...........
#.<.....##.....##


You could see an orc wizard, 3 orcs and a giant cockroach.

Vanquished Creatures
  2 dart slugs (D:1)
  An orc (D:3)
  A ball python (D:1)
  A giant cockroach (D:1)
  2 goblins
  2 hobgoblins (D:1)
  3 jackals (D:1)
  2 bats (D:1)
  A giant newt (D:3)
  3 kobolds
  6 rats
24 creatures vanquished.

Notes
Turn   | Place    | Note
--------------------------------------------------------------
     0 | D:1      | yungnami the Demonspawn Gladiator began the quest for the Orb.
     0 | D:1      | Reached XP level 1. HP: 16/16 MP: 1/1
    92 | D:1      | Reached skill level 3 in Dodging
    96 | D:1      | Gained mutation: You sometimes gain a little power by taking damage. [demonic ancestry]
    96 | D:1      | Reached XP level 2. HP: 12/22 MP: 2/2
   711 | D:3      | Gained mutation: You sometimes gain power by taking damage. [demonic ancestry]
   711 | D:3      | Reached XP level 3. HP: 12/27 MP: 3/3
   711 | D:3      | HP: 1/27 [orc/trident (1)]
   711 | D:3      | Slain by an orc

Skill      XL: |  1 |
---------------+----+-----
Dodging        | 3 |  3.3
Fighting       | |  2.0
Long Blades    | |  2.9
Throwing       | |  1.9
Armour         | |  0.6

Action                   || total
-------------------------++-------
Melee: Long sword        ||    52
       Mace              ||    19
Armor: Leather armour    ||    14
       Ring mail         ||    26
Dodge: Dodged            ||    56
